 Dungeon Crawl Stone Soup version 0.27-a0-1116-g91b3acb402 (webtiles) character file.

Game seed: 9753430298477792681

47 spiderkeys the Sneak (level 3, -5/17 HPs)
             Began as a Vine Stalker Enchanter on May 2, 2021.
             Slain by a gnoll
             ... wielding a +0 halberd
              (9 damage)
             ... on level 6 of the Dungeon.
             The game lasted 00:03:30 (2955 turns).

spiderkeys the Sneak (Vine Stalker Enchanter)       Turns: 2955, Time: 00:03:31

Health: -5/17      AC:  3    Str: 10    XL:     3   Next: 70%
Magic:  0/7        EV: 12    Int: 15    God:
Gold:   49         SH:  0    Dex: 15    Spells: 6/7 levels left

rFire    . . .     SeeInvis .   a - +1 dagger
rCold    . . .     Faith    .   (no shield)
rNeg     . . .     Spirit   +   b - +0 robe
rPois    .         Reflect  .   (no helmet)
rElec    .         Harm     .   (no cloak)
rCorr    +         Rampage  .   g - +0 pair of gloves
Will     .....                  (no boots)
Stlth    +++.......             (no amulet)
HPRegen  0.05/turn              R - ring of resist corrosion
MPRegen  0.10/turn              (no ring)

@: no status effects
A: fangs 2, magic shield, antimagic bite, no potion heal 2
a: no special abilities


You were on level 6 of the Dungeon.
You visited 1 branch of the dungeon, and saw 5 of its levels.

You collected 49 gold pieces.


Innate Abilities, Weirdness & Mutations

You have extremely sharp teeth.
When hurt, damage is shared between your health and your magic reserves.
Your bite disrupts and absorbs the magic of your enemies.
Potions cannot restore your health.


   Skills:
 + Level 0.5 Fighting
 * Level 2.0 Short Blades
 + Level 1.8 Dodging
 + Level 3.9 Stealth
 + Level 2.5 Spellcasting
 + Level 3.2 Hexes


You had 6 spell levels left.
You knew the following spells:

 Your Spells              Type           Power      Damage    Failure   Level
c - Corona                Hex            12%        N/A       5%          1

Your spell library contained the following spells:

 Spells                   Type           Power      Damage    Failure   Level
 Ensorcelled Hibernation  Hex/Ice        12%        N/A       16%         2
 Confusing Touch          Hex            11%        N/A       17%         3
 Tukima's Dance           Hex            11%        N/A       17%         3
 Dazzling Flash           Conj/Hex       12%        N/A       32%         3

Inventory:

Hand Weapons
 a - a +1 dagger (weapon)
Missiles
 c - 31 arrows
 e - 25 stones
 h - 30 bolts
 i - 53 sling bullets
 j - 4 boomerangs
Armour
 b - a +0 robe (worn)
 g - a +0 pair of gloves (worn)
   (You found it on level 1 of the Dungeon)
Jewellery
 R - a ring of resist corrosion (left hand)
   (You found it on level 1 of the Dungeon)
Potions
 d - 2 potions of curing {unknown}
 f - a potion of might {unknown}
 k - a potion of cancellation {unknown}

Dungeon Overview and Level Annotations

Branches:
Dungeon (4/15)
 Temple: D:4-7

Altars:
Xom
Zin

#######
#.....#
#.....#
#.....#
######.....#
#.......ggg#
###.@gg.#
#...g.#
#######


You could see a gnoll shaman and 5 gnolls.


Message History

No target in view!
You see here a bat corpse.
d - 2 blue potions (gained 1)
The angel shouts!
An endoplasm comes into view.
The helpless endoplasm fails to defend itself.
You impale the endoplasm!!
You kill the endoplasm!
No target in view!
No target in view!
i - 31 sling bullets (gained 16)
The angel shouts!
e - 25 stones (gained 19)
The angel lectures the ground at length about the one true way.
An orc comes into view. It is wielding a +0 club.
The orc shouts!
You barely miss the orc. The orc closely misses you.
You hit the orc. You bite the orc. You drain its power.
The orc hits you but does no damage.
You hit the orc but do no damage.
The orc hits you with a +0 club. 😕 HP[-1]
You take 1 damage, and now have 16/17 hp.
You completely miss the orc. The orc closely misses you.
You hit the orc.
You kill the orc!
Your Short Blades skill increases to level 2!
No target in view!
No target in view!
No target in view!
j - 4 boomerangs
Things that are here:
a +0 club; a +0 scale mail; an orc corpse 😎 HP[+1]
Your hp is fully restored (17).
k - a metallic yellow potion
There is an open door here.
The angel shouts!
The angel stares off into space for a moment.
The angel hits itself with a +1 whip of holy wrath! x2
There is a shimmering altar of Xom here.
Key pressed, stopping explore.
No reachable target in view!
The angel rambles incoherently.
The angel hits itself with a +1 whip of holy wrath!!
The angel hits itself but does no damage.
A frilled lizard comes into view.
The frilled lizard hisses angrily.
The frilled lizard closely misses you.
You miss the frilled lizard. Your bite misses the frilled lizard.
The frilled lizard bites you. 😕 HP[-1]
You take 1 damage, and now have 16/17 hp.
You closely miss the frilled lizard.
The frilled lizard bites you but does no damage.
You miss the frilled lizard. You bite the frilled lizard.
You kill the frilled lizard!
No target in view!
You see here a frilled lizard corpse.
Key pressed, stopping explore.
i - 53 sling bullets (gained 22)
You open the door.
There is an open door here.
There is an open door here.
The angel shouts!
The angel stares off into space for a moment.
The angel rambles incoherently.
The angel lectures the ground at length about keeping your body clean and pure.
The angel lectures its feet at length about Zin's Axioms of Law.
You fall into a shaft and drop 3 floors!
The shaft crumbles and collapses.
You hear the hiss of flowing sand.
There is an entrance to an ossuary on this level.
Hurry and find it before the portal is buried!
A gnoll comes into view. It is wielding a +0 spear.
The gnoll shouts!
A gnoll comes into view. It is wielding a +0 club.
The gnoll shouts!
A gnoll comes into view. It is wielding a +0 halberd.
The gnoll shouts!
A gnoll comes into view. It is wielding a +0 club.
The gnoll shouts!
A gnoll comes into view. It is wielding a +0 flail.
The gnoll shouts!
A gnoll shaman comes into view. It is wielding a +0 whip. 😎 HP[+1]
Your hp is fully restored (17).
You aren't carrying any scrolls.
Okay, then.
The gnoll barely misses you.
The gnoll hits you from afar with a +0 spear.
The gnoll hits you from afar with a +0 halberd!
Ouch! That really hurt!
* * * LOW HITPOINT WARNING * * *
The gnoll closely misses you. 😱 HP[-13] MP[-5]
You take 13 damage, and now have 4/17 hp.
MASSIVE DAMAGE!! (PAUSE)
You lost 5 mp, and now have 2/7 mp.
The gnoll hits you from afar with a +0 halberd!
Ouch! That really hurt!
You die...

Skill      XL: |  1  2  3 |
---------------+----------+-----
Short Blades   | 1 2 |  2.0
Fighting       | |  0.5
Dodging        | |  1.8
Stealth        | |  3.9
Spellcasting   | |  2.5
Hexes          | |  3.2

Action                   || total
-------------------------++-------
Melee: Dagger            ||   121
       Bite              ||    24
  Use: Scroll            ||     1
 Stab: Sleeping          ||     6
Armor: Robe              ||    21
Dodge: Dodged            ||    60

Levels and vault maps discovered:
D:1:      nicolae_arrival_memento_mori, layout_loops_corners,
          ebering_ecumenical_altar_hall
D:2:      layout_rooms
D:3:      layout_loops_corners, grunt_temple_overflow_order_and_chaos_1
D:4:      layout_loops_corners, nicolae_dithmenos_the_darkroom,
          kennysheep_mini_moat, uniq_natasha
D:6:      layout_rooms, nicolae_ossuary_entry_monument,
          ebering_ghost_rock_garden, uniq_prince_ribbit1,
          uniq_crazy_yiuf_cottage

Notes
Turn   | Place    | Note
-------+----------+-------------------------------------------
     0 | D:1      | spiderkeys the Vine Stalker Enchanter began the quest for
                  | the Orb.
     0 | D:1      | Reached XP level 1. HP: 9/9 MP: 4/4
     0 | D:1      | magus.rc [v1.9.10]
   122 | D:1      | Reached skill level 1 in Short Blades
   354 | D:1      | Reached XP level 2. HP: 8/13 MP: 6/6
  1475 | D:1      | Reached XP level 3. HP: 17/17 MP: 7/7
  1757 | D:1      | Found a faded altar of an unknown god.
  2480 | D:2      | You fall into a shaft and drop 2 floors!
  2498 | D:3      | Found a shimmering altar of Xom.
  2498 | D:3      | Found a glowing silver altar of Zin.
  2498 | D:3      | Noticed an angel
  2625 | D:3      | Reached skill level 2 in Short Blades
  2951 | D:3      | You fall into a shaft and drop 3 floors!
  2954 | D:6      | HP: 4/17 [gnoll/+0 halberd (9)]
  2955 | D:6      | Slain by a gnoll

Vanquished Creatures
  2 dart slugs
  An orc (D:3)
  A ball python (D:1)
  5 endoplasms
  A giant cockroach (D:2)
  5 goblins
  6 hobgoblins
  3 jackals (D:1)
  6 kobolds
  A quokka (D:1)
  A bat (D:3)
  A frilled lizard (D:3)
  5 rats
38 creatures vanquished.

Table legend:
 A = Non-vault XP
 B = Vault XP
 C = Vault XP percentage of total XP
 D = Non-vault monster count
 E = Vault monster count
 F = Vault count percentage of total count
                 A         B        C        D         E       F
            +---------+---------+-------+---------+---------+-------
      Total |      68 |       0 |   0.0 |      38 |       0 |   0.0
            +---------+---------+-------+---------+---------+-------
        D:1 |      44 |       0 |   0.0 |      24 |       0 |   0.0
        D:2 |      17 |       0 |   0.0 |      10 |       0 |   0.0
        D:3 |       7 |       0 |   0.0 |       4 |       0 |   0.0
            +---------+---------+-------+---------+---------+-------

Illustrated notes

Table legend:
 A = Kills in this place as a percentage of kills in entire the game.
 B = Kills by you in this place as a percentage of kills by you in the entire game.
 C = Kills by friends in this place as a percentage of kills by friends in the entire game.
 D = Other kills in this place as a percentage of other kills in the entire game.
 E = Experience gained in this place as a percentage of experience gained in the entire game.
 F = Experience gained in this place divided by the number of levels of this place that you have seen.
                   A       B       C       D       E      F
               +-------+-------+-------+-------+-------+----------------------
         Total | 100.0 | 100.0 |   N/A |   N/A | 100.0 |  13.6
       Dungeon | 100.0 | 100.0 |   N/A |   N/A | 100.0 |  13.6
               +-------+-------+-------+-------+-------+----------------------

Table legend: (Time is in decaauts)
 A = Elapsed time spent in this place.
 B = Non-inter-level travel time spent in this place.
 C = Inter-level travel time spent in this place.
 D = Time resting spent in this place.
 E = Time spent auto-exploring this place.
 F = Levels seen in this place.
 G = Mean time per level.
                   A        B        C        D        E       F      G
               +--------+--------+--------+--------+--------+-----+--------+
         Total |   2944 |   2894 |     50 |    181 |   2366 |   5 |  588.8 |
       Dungeon |   2944 |   2894 |     50 |    181 |   2366 |   5 |  588.8 |
               +--------+--------+--------+--------+--------+-----+--------+

Top non-repeatable levels by time:
     D:1: 2141 daAuts
     D:3: 451 daAuts
     D:2: 329 daAuts
     D:4: 17 daAuts
     D:6: 3 daAuts
